 Dungeon Crawl Stone Soup version 0.30-a0-632-g346586fe48 (webtiles) character file.

Game seed: 3387212897257376871

45 bande the Trooper (level 3, 0/24 HPs)
             Began as a Gargoyle Fighter on Jan 14, 2023.
             Slain by a hobgoblin
             ... wielding a +0 trident
             ... led by Robin
              (7 damage)
             ... on level 2 of the Dungeon.
             The game lasted 00:01:15 (773 turns).

bande the Trooper (Gargoyle Fighter)                 Turns: 773, Time: 00:01:16

Health: 0/24       AC: 10    Str: 19    XL:     3   Next: 64%
Magic:  3/3        EV:  9    Int:  8    God:
Gold:   61         SH:  4    Dex: 11    Spells: 2/2 levels left

rFire   . . .      SeeInvis .    a - +0 war axe
rCold   . . .      Faith    .    c - +0 buckler
rNeg    + . .      Spirit   .    b - +0 scale mail
rPois   ∞          Reflect  .    (no helmet)
rElec   +          Harm     .    (no cloak)
rCorr   .          Rampage  .    (no gloves)
Will    .....                    (no boots) Stlth
                                 (no amulet)
HPRegen 0.24/turn                (no ring)
MPRegen 0.08/turn                (no ring)

@: no status effects
A: sickness immunity, AC +3, negative energy resistance 1, electricity
resistance, torment resistance 1, petrification resistance
a: no special abilities


You were on level 2 of the Dungeon.
You visited 1 branch of the dungeon, and saw 2 of its levels.

You collected 61 gold pieces.

Inventory:

Hand Weapons
 a - a +0 war axe (weapon)
Armour
 b - a +0 scale mail (worn)
 c - a +0 buckler (worn)
Scrolls
 h - a scroll of identify {unknown}
 l - a scroll of poison {unknown}
Potions
 d - a potion of might
 e - 2 potions of magic {unknown}
 f - a potion of lignification {unknown}
 g - a potion of haste {unknown}
 i - a potion of degeneration {unknown}
 j - a potion of flight {unknown}
 k - 2 potions of curing {unknown}


   Skills:
 + Level 3.8 Fighting
 + Level 2.5 Axes
 + Level 3.7 Armour
 + Level 3.5 Shields


You had 2 spell levels left.
You didn't know any spells.
Your spell library was empty.

Dungeon Overview and Level Annotations

Branches:
Dungeon (2/15)

Altars:

Shops:
D:1 (


Innate Abilities, Weirdness & Mutations

You are immune to sickness and miasma.
Your stone body is resilient. (AC +3)
You are immune to poison.
You resist negative energy. (rN+)
You are resistant to electric shocks. (rElec)
You are resistant to unholy torment.
You are immune to petrification.


Message History

You hear a shout!
You barely miss Robin.
Robin is severely wounded.
You hit the goblin. Robin hits you but does no damage.
The hobgoblin hits you from afar with a +0 trident.
* * * LOW HITPOINT WARNING * * *
A goblin comes into view. It is wielding a +0 dagger.
The goblin hits you but does no damage.
Unknown command.
You closely miss Robin.
Robin is severely wounded.
You slash the goblin!
You kill the goblin!
Robin throws the goblin at you!
The hobgoblin hits you but does no damage.
The goblin closely misses you.
You barely miss Robin.
Robin is severely wounded.
You barely miss the goblin.
The hobgoblin no longer looks unusually strong.
Robin hits you but does no damage. The hobgoblin barely misses you.
The goblin barely misses you. You block Robin's attack.
The hobgoblin barely misses you. The goblin hits you but does no damage.
Unknown command.
You hit Robin.
You kill Robin!
You completely miss the goblin. You closely miss the goblin.
The goblin barely misses you.
The hobgoblin hits you but does no damage.
The goblin hits you but does no damage. The goblin hits you but does no damage.
You block the hobgoblin's attack.
Things that are here:
a +0 spear; a +0 animal skin; a +0 helmet You hit the goblin.
The goblin is severely wounded.
You hit the goblin. You hit the hobgoblin.
The goblin hits you but does no damage. The hobgoblin barely misses you.
You block the goblin's attack. x2
The hobgoblin hits you with a +0 trident!
You die...

#..)........
####.#######
#.#
#.#######
#........
#..####..
#)†# #g.#
#@g# #.g#
#.... ##.#.#
...# .### .#
.#


You could see a hobgoblin and 2 goblins.

Vanquished Creatures
  Robin (D:2)
  2 endoplasms
  2 giant cockroaches (D:1)
  8 hobgoblins
  2 jackals (D:1)
  4 ball pythons (D:1)
  2 bats (D:1)
  6 goblins
  2 kobolds (D:1)
29 creatures vanquished.

Notes
Turn   | Place    | Note
-------+----------+-------------------------------------------
     0 | D:1      | bande the Gargoyle Fighter began the quest for the Orb.
     0 | D:1      | Reached XP level 1. HP: 14/14 MP: 1/1
   102 | D:1      | Found Heesen's Weapon Emporium.
   112 | D:1      | Reached XP level 2. HP: 12/19 MP: 2/2
   709 | D:2      | Reached XP level 3. HP: 24/24 MP: 3/3
   758 | D:2      | Noticed Robin
   771 | D:2      | Killed Robin
   773 | D:2      | Slain by a hobgoblin

Illustrated notes

Levels and vault maps discovered:
D:1:      dpeg_arrival_houses_and_road, layout_loops_ring, serial_shops,
          nicolae_shop_bloodbath_and_beyond
D:2:      layout_loops_cross, minmay_pentomino_r2, uniq_robin

Skill      XL: |  1 |
---------------+----+-----
Axes           | 2 |  2.5
Fighting       | |  3.8
Armour         | |  3.7
Shields        | |  3.5

Action                   || total
-------------------------++-------
Melee: War axe           ||    66
Armor: Scale mail        ||    59
Dodge: Dodged            ||    60
Block: Buckler           ||    22

Table legend: (Time is in decaauts)
 A = Elapsed time spent in this place.
 B = Non-inter-level travel time spent in this place.
 C = Inter-level travel time spent in this place.
 D = Time resting spent in this place.
 E = Time spent auto-exploring this place.
 F = Levels seen in this place.
 G = Mean time per level.
                   A        B        C        D        E       F      G
               +--------+--------+--------+--------+--------+-----+--------+
         Total |    800 |    800 |      0 |      0 |    642 |   2 |  400.0 |
       Dungeon |    800 |    800 |      0 |      0 |    642 |   2 |  400.0 |
               +--------+--------+--------+--------+--------+-----+--------+

Top non-repeatable levels by time:
     D:1: 674 daAuts
     D:2: 126 daAuts
